Map: Jagannatha LE

Players

AGOElazer (Elazer)

  • Race: Zerg Zerg
  • League: Grandmaster
  • Spawn Location: 7:00

GunGFuBanDa - Winner!

  • Race: Protoss Protoss
  • League: Master
  • Spawn Location: 1:00

Event: StayAtHome Story Cup #3

VOD

Have the link to the VOD?

Description

Time

  • Played on: March 11, 2021, 8:33 a.m.
  • Length: 15:45

All games in this series

Show
View Real Time Build Order
Export as new Build Order

AGOElazer Zerg 

Build Orders: Hatch First 

Get SALT Encoding   

  12  0:00  Drone  
  13  0:12  Overlord  
  13  0:16  Drone  
  14  0:30  Drone x2  
  16  0:46  Drone  
  17  0:52  Hatchery  
  17  0:54  Drone  
  17  0:57  Drone  
  18  1:09  Extractor  
  17  1:13  Spawning Pool  
  17  1:16  Drone  
  17  1:19  Drone  
  18  1:28  Drone  
  19  1:43  Drone  
  20  1:54  Drone  
  21  2:03  Queen  
  21  2:04  Queen  
  21  2:07  Drone  
  26  2:12  Overlord  
  26  2:15  Drone  
  27  2:16  Drone  
  28  2:31  Drone x2  
  30  2:38  Zergling x2  
  30  2:39  Zergling x2  
  30  2:43  Hatchery  
  31  2:47  Zergling x2  
  31  2:48  Zergling x2  
  33  2:55  Spore Crawler  
  33  2:58  Overlord  
  33  3:00  Drone  
  34  3:08  Metabolic Boost  
  34  3:09  Drone  
  34  3:12  Overlord  
  35  3:14  Drone  
  35  3:16  Queen  
  35  3:19  Drone x2  
  40  3:22  Drone x2  
  40  3:25  Drone  
  43  3:29  Overlord  
  43  3:31  Drone  
  44  3:35  Overlord  
  44  3:39  Drone  
  46  3:41  Drone  
  46  3:47  Overlord  
  46  3:48  Drone x3  
  49  3:49  Drone  
  49  3:51  Drone  
  51  3:57  Queen  
  51  4:01  Spore Crawler  
  52  4:05  Zergling x8  
  52  4:07  Zergling x2  
  57  4:11  Queen  
  59  4:17  Drone x4  
  59  4:18  Drone  
  59  4:20  Drone  
  59  4:23  Drone x2  
  67  4:28  Overlord  
  67  4:30  Drone x3  
  70  4:38  Roach Warren  
  69  4:39  Spore Crawler  
  69  4:41  Overlord  
  67  4:48  Zergling x6  
  68  4:57  Overlord  
  64  5:00  Drone x6  
  64  5:01  Drone x3  
  66  5:12  Drone x3  
  68  5:18  Queen  
  68  5:20  Lair  
  70  5:23  Drone x2  
  70  5:28  Hatchery  
  70  5:32  Zergling x10  
  61  5:36  Zergling x4  
  61  5:41  Drone x2  
  58  5:45  Overlord  
  58  5:46  Drone  
  58  5:47  Drone  
  58  5:48  Drone  
  62  5:50  Drone x5  
  62  5:54  Queen  
  69  5:59  Queen  
  69  6:00  Drone x4  
  69  6:01  Drone  
  77  6:04  Drone  
  77  6:06  Overlord  
  77  6:10  Overlord  
  77  6:12  Extractor  
  77  6:13  Extractor  
  77  6:15  Roach x3  
  81  6:18  Glial Reconstitution  
  81  6:20  Overlord  
  81  6:28  Roach x5  
  88  6:36  Overlord  
  88  6:37  Drone x4  
  89  6:40  Queen x2  
  89  6:44  Drone x3  
  89  6:46  Drone  
  98  6:47  Drone  
  98  6:50  Drone  
  98  6:51  Drone  
  98  6:52  Drone, Extractor  
  98  6:53  Extractor  
  99  6:55  Burrow  
  99  7:00  Drone  
  100  7:05  Drone x3  
  103  7:10  Drone x3, Hatchery  
  103  7:11  Drone x2  
  107  7:15  Infestation Pit  
  107  7:17  Extractor  
  107  7:20  Queen  
  107  7:23  Drone x5  
  107  7:25  Drone  
  107  7:27  Drone x2  
  111  7:37  Drone x5, Overlord  
  111  7:38  Drone x2  
  111  7:42  Drone  
  117  7:45  Drone  
  117  7:50  Drone x4  
  120  7:54  Drone  
  120  7:56  Hydralisk Den  
  120  7:57  Evolution Chamber  
  120  7:58  Hive  
  119  8:03  Queen  
  119  8:04  Overlord  
  120  8:06  Drone x7  
  120  8:10  Drone  
  128  8:13  Roach x2  
  128  8:15  Ravager x6  
  138  8:22  Overlord  
  138  8:25  Ravager x2  
  138  8:26  Extractor  
  141  8:27  Roach x3  
  141  8:31  Roach x3  
  151  8:38  Lurker Den  
  151  8:41  Roach x4  
  158  8:46  Zerg Ground Armor Level 1  
  158  8:47  Overlord  
  156  8:49  Evolution Chamber  
  156  8:50  Overlord, Baneling Nest  
  156  8:54  Extractor  
  156  8:55  Zergling x10  
  159  9:03  Queen  
  159  9:04  Hatchery, Queen x2, Overlord x2  
  159  9:06  Drone x4  
  168  9:12  Adrenal Glands  
  168  9:14  Ultralisk Cavern  
  168  9:17  Zergling x10  
  168  9:20  Zergling x6  
  168  9:22  Zerg Melee Weapons Level 1  
  175  9:25  Queen  
  175  9:28  Zergling x4  
  175  9:31  Overseer  
  179  9:37  Overlord  
  179  9:39  Viper x2  
  179  9:40  Queen, Pneumatized Carapace  
  179  9:41  Zergling x10  
  179  9:42  Centrifical Hooks  
  189  9:53  Baneling x12  
  189  9:55  Overlord x3  
  184  10:08  Zergling x16  
  184  10:12  Drone  
  184  10:13  Drone x2  
  195  10:14  Drone  
  195  10:16  Zergling x10  
  198  10:25  Chitinous Plating  
  198  10:29  Overlord  
  198  10:34  Baneling x4  
  198  10:38  Extractor x2  
  198  10:41  Zerg Ground Armor Level 2  
  196  10:44  Zergling x6  
  196  10:48  Spire  
  196  10:49  Spire  
  186  10:57  Zergling x16, Ultralisk  
  186  10:59  Overseer  
  186  11:02  Overseer  
  200  11:10  Spine Crawler x2  
  200  11:11  Spore Crawler  
  197  11:12  Spine Crawler  
  197  11:13  Drone x4, Spine Crawler x2  
  197  11:17  Drone x2  
  187  11:29  Ultralisk x3  
  187  11:32  Zerg Melee Weapons Level 2  
  199  11:44  Anabolic Synthesis  
  198  11:56  Hatchery  
  198  11:57  Drone x3, Spine Crawler  
  198  11:58  Drone  
  198  12:00  Spine Crawler, Baneling x3  
  198  12:01  Baneling x9  
  199  12:04  Zerg Flyer Armor Level 1, Zerg Flyer Weapons Level 1  
  195  12:09  Zergling x14  
  177  12:29  Ultralisk x3  
  163  12:33  Ultralisk  
  150  12:38  Zergling x12  
  150  12:39  Zergling x4  
  150  12:47  Zergling x2  
  150  12:48  Zergling x12  
  147  12:55  Drone x4  
  147  12:56  Drone  
  147  12:58  Drone  
  148  13:02  Drone x3  
  148  13:04  Drone  
  148  13:06  Drone  
  148  13:07  Drone  
  150  13:13  Drone x3  
  150  13:15  Drone  
  154  13:25  Drone x4  
  154  13:26  Corruptor  
  157  13:31  Zergling x6  
  160  13:36  Zergling x8  
  160  13:40  Baneling x4  
  163  13:43  Zergling x4  
  163  13:47  Zergling x6  
  168  13:56  Zergling x6  
  168  13:57  Baneling x8  
  168  13:59  Zergling x4  
  171  14:10  Zergling x2  
  171  14:11  Zergling x8  
  174  14:17  Zergling x6  
  175  14:28  Zergling x10, Ultralisk x2  
  192  14:31  Greater Spire  
  193  14:38  Zergling x6  
  195  14:51  Zergling x20  
  192  15:10  Drone  
  192  15:11  Drone x2  
  184  15:26  Overlord  
  184  15:27  Zergling x18  
  184  15:28  Zergling x6  
Show
View Real Time Build Order
Export as new Build Order

GunGFuBanDa Protoss - Winner!

Build Orders: Zealot Archon, Archon Drop, Dark Templar Rush 

Get SALT Encoding   

  12  0:00  Probe  
  13  0:12  Probe  
  14  0:17  Pylon  
  14  0:24  Probe (Chrono Boost)  
  16  0:36  Probe (Chrono Boost)  
  16  0:39  Gateway  
  16  0:43  Probe (Chrono Boost)  
  17  0:51  Assimilator  
  17  0:53  Probe  
  18  1:03  Forge  
  18  1:07  Probe  
  19  1:21  Pylon  
  19  1:22  Probe  
  20  1:36  Cybernetics Core  
  20  1:40  Photon Cannon  
  20  1:51  Probe  
  21  1:59  Nexus  
  21  2:04  Probe  
  22  2:09  Adept (Chrono Boost)  
  24  2:16  Probe  
  24  2:17  Assimilator  
  24  2:18  Warp Gate  
  25  2:25  Pylon  
  25  2:31  Stalker (Chrono Boost)  
  25  2:35  Probe  
  28  2:48  Probe  
  29  2:55  Adept  
  31  3:00  Probe  
  32  3:06  Twilight Council  
  32  3:11  Probe (Chrono Boost)  
  32  3:12  Probe (Chrono Boost)  
  34  3:23  Probe (Chrono Boost)  
  34  3:24  Probe (Chrono Boost)  
  36  3:27  Gateway  
  36  3:29  Probe (Chrono Boost)  
  36  3:33  Probe  
  36  3:34  Robotics Facility  
  37  3:37  Probe  
  39  3:45  Probe  
  40  3:49  Probe, Dark Shrine  
  41  3:56  Pylon  
  41  3:57  Probe  
  41  4:01  Probe  
  43  4:05  Assimilator  
  43  4:09  Probe  
  44  4:13  Probe  
  44  4:15  Gateway x2  
  45  4:20  Warp Prism (Chrono Boost)  
  47  4:25  Probe  
  47  4:26  Probe  
  47  4:30  Assimilator  
  49  4:37  Pylon  
  49  4:38  Probe  
  50  4:42  Adept  
  50  4:43  Adept  
  54  4:47  Shield Battery  
  52  4:55  Probe  
  52  4:58  Pylon  
  53  5:04  Probe  
  52  5:09  Probe  
  52  5:11  Dark Templar  
  52  5:12  Dark Templar x3  
  59  5:15  Protoss Ground Weapons Level 1 (Chrono Boost)  
  59  5:16  Probe  
  60  5:40  Probe x2  
  60  5:49  Dark Templar  
  62  5:53  Pylon  
  62  5:55  Archon  
  62  5:57  Nexus  
  62  5:58  Pylon  
  62  6:02  Blink  
  62  6:05  Archon  
  62  6:11  Probe x2, Observer  
  65  6:12  Pylon  
  65  6:16  Shield Battery  
  65  6:17  Zealot, Sentry x2  
  71  6:23  Probe x2  
  73  6:26  Robotics Bay  
  73  6:29  Pylon  
  73  6:33  Immortal (Chrono Boost)  
  73  6:35  Probe x2  
  79  6:43  Gateway  
  79  6:45  Gateway  
  79  6:47  Probe x2, Gateway  
  79  6:53  Zealot  
  83  6:59  Probe  
  84  7:08  Probe  
  84  7:10  Disruptor (Chrono Boost)  
  84  7:11  Probe x2  
  84  7:13  Protoss Ground Weapons Level 2 (Chrono Boost)  
  90  7:17  Sentry  
  90  7:18  Stalker  
  90  7:20  Assimilator  
  90  7:21  Probe, Pylon, Assimilator  
  95  7:23  Probe  
  95  7:24  Probe  
  97  7:36  Stalker  
  99  7:38  Observer, Disruptor  
  98  7:48  Stalker  
  98  7:49  Stalker x2  
  104  7:51  Probe  
  104  7:52  Probe  
  104  7:55  Pylon  
  106  8:02  Stalker x3  
  106  8:03  Stalker  
  106  8:04  Probe x2  
  114  8:06  Photon Cannon  
  114  8:08  Pylon  
  114  8:11  Charge (Chrono Boost)  
  114  8:22  Nexus  
  114  8:24  Pylon  
  114  8:30  Probe  
  114  8:31  Immortal  
  114  8:33  Templar Archives  
  119  8:44  Stalker x3  
  119  8:45  Stalker x3  
  119  8:46  Probe  
  119  8:47  Probe  
  132  8:53  Probe, Photon Cannon, Shield Battery  
  133  9:02  Probe x2  
  135  9:05  Probe  
  135  9:07  Psionic Storm  
  135  9:08  Pylon  
  136  9:14  Probe  
  137  9:18  Immortal (Chrono Boost)  
  141  9:27  Pylon  
  141  9:29  Pylon  
  141  9:36  Gateway x2  
  141  9:37  Probe  
  142  9:41  High Templar x4  
  142  9:43  Pylon  
  150  9:46  Pylon  
  150  9:50  Gateway  
  150  9:52  Gateway  
  150  9:53  Protoss Ground Weapons Level 3 (Chrono Boost)  
  150  9:55  Zealot x3  
  150  9:58  Assimilator x2  
  154  10:17  Immortal  
  154  10:28  Photon Cannon x2, Pylon  
  154  10:29  Gateway  
  154  10:30  High Templar  
  154  10:33  Photon Cannon  
  154  10:34  Dark Templar x2  
  160  10:36  Photon Cannon  
  160  10:37  Shield Battery  
  160  10:45  Probe x2  
  160  10:47  Dark Templar  
  158  10:59  Zealot x7  
  158  11:00  Immortal (Chrono Boost)  
  176  11:06  Stargate  
  176  11:11  Robotics Facility  
  176  11:13  Gateway  
  176  11:16  Pylon  
  176  11:17  High Templar x2  
  172  11:32  Zealot x10  
  186  11:36  Immortal (Chrono Boost)  
  188  11:50  Nexus  
  188  11:53  Fleet Beacon  
  186  12:12  Zealot x10  
  186  12:15  Archon x2  
  198  12:22  Protoss Shields Level 1 (Chrono Boost)  
  150  12:32  Zealot x4  
  150  12:33  Zealot x5  
  145  12:39  Immortal (Chrono Boost)  
  147  12:49  High Templar x4  
  145  12:56  Probe, Pylon  
  144  13:03  High Templar, Immortal (Chrono Boost)  
  146  13:10  High Templar x4  
  146  13:11  Zealot x2, Sentry  
  146  13:12  Zealot  
  162  13:14  Archon, Immortal (Chrono Boost)  
  162  13:15  Archon  
  162  13:16  Probe  
  162  13:17  Probe x3  
  162  13:18  Shield Battery, Protoss Air Weapons Level 1 (Chrono Boost)  
  170  13:37  Shadow Stride (Chrono Boost)  
  170  13:38  Zealot x3, Dark Templar x2  
  170  13:40  Warp Prism  
  178  13:45  High Templar x2, Zealot  
  178  13:46  Zealot x3  
  190  13:51  Archon  
  191  14:07  Probe x2, Immortal (Chrono Boost)  
  187  14:24  Immortal (Chrono Boost)  
  179  14:27  Probe  
  179  14:28  Probe x2  
  179  14:29  Assimilator  
  179  14:30  Stargate x2  
  182  14:32  Photon Cannon  
  182  14:33  Photon Cannon, Pylon  
  182  14:35  Assimilator  
  182  14:39  Immortal  
  178  14:56  Immortal  
  182  15:02  Zealot x5, Dark Templar x2  
  182  15:03  Dark Templar  
  198  15:12  Photon Cannon  
  198  15:13  Photon Cannon  
  137  15:38  Archon  
  137  15:42  Zealot x13  
Tags
 
Add a new tag
Caveats
  • Supply blocks, unpowered buildings, or Contaminate may cause inaccurate times.
  • Supply counts are checked every 10 seconds.